 Dungeon Crawl Stone Soup version 0.29.1-15-g9cfb28693d (webtiles) character file.

Game seed: 4223928572148031553

683 javelincjr the Magician (level 7, -2/51 HPs)
             Began as a Demonspawn Hedge Wizard on Mar 30, 2023.
             Was a Follower of Sif Muna.
             Succumbed to a water moccasin's poison
             ... on level 5 of the Dungeon.
             The game lasted 00:24:58 (5658 turns).

javelincjr the Magician (Demonspawn Hedge Wizard)   Turns: 5658, Time: 00:24:59

Health: -2/51      AC:  2    Str: 12    XL:     7   Next: 35%
Magic:  2/13       EV: 12    Int: 15    God:    Sif Muna [*.....]
Gold:   132        SH:  0    Dex: 13    Spells: 9/14 levels left

rFire   . . .      SeeInvis .   r - +3 spear (vamp)
rCold   . . .      Faith    .   (no shield)
rNeg    . . .      Spirit   +   b - +0 robe
rPois   .          Reflect  .   c - +0 hat
rElec   .          Harm     .   e - scarf {+Inv}
rCorr   .          Rampage  .   (no gloves)
Will    .....                   (no boots)
Stlth   ++........              (no amulet)
HPRegen 0.17/turn               (no ring)
MPRegen 0.26/turn               (no ring)

@: lethally poisoned (-2 -> -21)
A: hooves 1, magic shield, magic regeneration
a: Renounce Religion, Evoke Invisibility, Channel Magic


You were on level 5 of the Dungeon.
You worshipped Sif Muna.
Sif Muna was aware of your devotion.
You visited 2 branches of the dungeon, and saw 6 of its levels.

You collected 190 gold pieces.
You spent 58 gold pieces at shops.

Inventory:

Hand Weapons
 l - a +3 short sword
 r - a +3 vampiric spear (weapon)
 s - the +7 long sword of Bloodstone {vorpal, rF+ Int-5 Dex+4}
   (You found it on level 5 of the Dungeon)

   It inflicts extra damage upon your enemies.
   Int:       It affects your intelligence (-5).
   Dex:       It affects your dexterity (+4).
   rF:        It protects you from fire.
Missiles
 k - 6 poisoned darts
Armour
 b - a +0 robe (worn)
 c - a +0 hat (worn)
 e - a scarf of invisibility (worn)
Scrolls
 f - a scroll of amnesia
 h - a scroll of vulnerability {unknown}
 i - a scroll of immolation {unknown}
 j - 5 scrolls of identify
 m - a scroll of brand weapon {unknown}
 o - a scroll of fog {unknown}
 p - a scroll of summoning {unknown}
 q - a scroll of poison {unknown}
 u - 2 scrolls of teleportation
Potions
 a - a potion of brilliance {unknown}
 d - a potion of magic
 g - 4 potions of attraction
 n - a potion of flight {unknown}
 t - 2 potions of lignification


   Skills:
 * Level 2.8 Fighting
 + Level 1.3 Polearms
 + Level 1.7 Armour
 + Level 2.9 Dodging
 - Level 2.4 Stealth
 * Level 4.3 Spellcasting
 + Level 2.7 Conjurations
 + Level 2.6 Summonings
 + Level 2.4 Translocations
 + Level 0.6 Invocations
 + Level 0.3 Evocations


You had 9 spell levels left.
You knew the following spells:

 Your Spells              Type           Power      Damage    Failure   Level
a - Magic Dart            Conj           44%        1d5       5%          1
b - Searing Ray           Conj           22%        2d5       9%          2
c - Blink                 Tloc           20%        N/A       10%         2

Your spell library contained the following spells:

 Spells                   Type           Power      Damage    Failure   Level
 Call Imp                 Summ           11%        N/A       9%          2
 Slow                     Hex            12%        N/A       17%         1
 Gell's Gravitas          Tloc           10%        N/A       19%         3
 Lesser Beckoning         Tloc           10%        N/A       19%         3
 Teleport Other           Tloc           10%        N/A       19%         3
 Conjure Flame            Conj/Fire      7%         6-21      30%         3
 Mephitic Cloud           Conj/Pois/Air  6%         N/A       34%         3
 Corpse Rot               Necr/Pois/Air  3%         N/A       86%         4
 Dispel Undead            Necr           3%         3d7       86%         4
 Manifold Assault         Tloc           10%        N/A       87%         5
 Lightning Bolt           Conj/Air       3%         1d15      95%         5
 Death Channel            Necr           1%         N/A       100%        6
 Starburst                Conj/Fire      3%         6d3       100%        6
 Spellforged Servitor     Conj/Summ      5%         N/A       100%        7
 Storm Form               Tmut/Air       1%         N/A       100%        7


Dungeon Overview and Level Annotations

Branches:
Dungeon (5/15)             Temple (1/1) D:4

Altars:
Ashenzari
Cheibriados
Dithmenos
Fedhas
Gozag
Kikubaaqudgha
Makhleb
Nemelex Xobeh
Okawaru
Qazlal
Sif Muna
Trog
Uskayaw
Wu Jian
Xom

Shops:
D:2 *

Annotations:
D:5 Ijyb


Innate Abilities, Weirdness & Mutations

You have large cloven feet.
When hurt, damage is shared between your health and your magic reserves.
You regenerate magic rapidly.


Message History

The searing ray misses the water moccasin.
The searing ray hits the adder.
The adder is heavily wounded. (Press . to maintain the ray.)
You feel sick. The water moccasin bites you.
The searing ray misses the water moccasin.
The searing ray misses the adder.
You feel sick. The water moccasin closely misses you.
The water moccasin misses you.
The searing ray misses the water moccasin.
The searing ray hits the adder.
You kill the adder!
Sif Muna accepts your kill.
You feel sick. The water moccasin bites you.
The searing ray hits the water moccasin.
The water moccasin is moderately wounded.
You finish channelling your searing ray.
You feel sick. The water moccasin bites you.
You are more poisoned.
The water moccasin poisons you!
You hit the water moccasin. Your kick misses the water moccasin.
The water moccasin is heavily wounded.
You feel very sick. The water moccasin bites you. The water moccasin bites you!
* * * LOW HITPOINT WARNING * * *
You miss the water moccasin. Your punch misses the water moccasin.
The water moccasin is heavily wounded.
* * * LOW HITPOINT WARNING * * *
You feel very sick. The water moccasin barely misses you.
You hit the water moccasin. Your kick misses the water moccasin.
Your punch misses the water moccasin.
The water moccasin is severely wounded.
* * * LOW HITPOINT WARNING * * *
You feel sick. The water moccasin bites you.
* * * LOW HITPOINT WARNING * * *
You are more poisoned.
The water moccasin poisons you! The water moccasin barely misses you.
You closely miss the water moccasin. Your kick misses the water moccasin.
The water moccasin is severely wounded.
You die...

#..........#
#..........#
#..........#
#############..........#
.......................#
###.......###..........#
###.#######............#
#.............##.#######
#...######....##@# ###.#
###....##S# #...##
#...#####†##########
.....####..#
#............ ......#
#..# #............
.....## #..#
#............ #...##
#..# #............ #.###
...# #............
#..######.##
#............


You could see a water moccasin.

Vanquished Creatures
  An ogre (D:5)
  A phantom (D:5)
  A kobold brigand (D:5)
  A necrophage (D:4)
  A vampire bat (D:5)
  2 orc priests (D:5)
  2 hounds (D:4)
  2 orc wizards (D:4)
  Robin (D:2)
  2 adders
  A shadow imp (D:4)
  4 worms
  A dart slug (D:3)
  10 orcs
  5 endoplasms
  9 giant cockroaches
  9 hobgoblins
  7 jackals (D:1)
  4 quokkas
  7 ball pythons
  9 bats
  3 frilled lizards (D:1)
  12 goblins
  28 kobolds
  5 rats
128 creatures vanquished.

Vanquished Creatures (others)
  15 plants (D:5)
15 creatures vanquished.

Grand Total: 143 creatures vanquished

Notes
Turn   | Place    | Note
-------+----------+-------------------------------------------
     0 | D:1      | javelincjr the Demonspawn Hedge Wizard began the quest for
                  | the Orb.
     0 | D:1      | Reached XP level 1. HP: 13/13 MP: 4/4
     7 | D:1      | Found a faded altar of an unknown god.
    22 | D:1      | Got the Guidebook on Concussion
   160 | D:1      | Reached skill level 1 in Translocations
   371 | D:1      | Gained mutation: You regenerate magic rapidly. [demonic
                  | ancestry]
   371 | D:1      | Reached XP level 2. HP: 19/19 MP: 3/6
   587 | D:1      | Learned a level 2 spell: Searing Ray
   590 | D:1      | Learned a level 2 spell: Blink
  1069 | D:1      | Gained mutation: When hurt, damage is shared between your
                  | health and your magic reserves. [demonic ancestry]
  1069 | D:1      | Reached XP level 3. HP: 24/24 MP: 2/7
  1344 | D:2      | Noticed Robin
  2182 | D:2      | Found Buttantu's Assorted Antiques.
  2192 | D:2      | Bought a scroll labelled YRUKHL UDIPPUS for 29 gold pieces
  2192 | D:2      | Bought a scroll labelled MEKLIT NEAN for 29 gold pieces
  2325 | D:2      | Gained mutation: You have large cloven feet. [demonic
                  | ancestry]
  2325 | D:2      | Reached XP level 4. HP: 21/30 MP: 1/9
  2388 | D:2      | Killed Robin
  3287 | D:4      | Found a staircase to the Ecumenical Temple.
  3295 | D:4      | Reached skill level 1 in Fighting
  3295 | D:4      | Reached XP level 5. HP: 27/37 MP: 6/10
  3303 | Temple   | Entered the Ecumenical Temple
  3438 | Temple   | Became a worshipper of Sif Muna the Loreminder
  3884 | D:4      | Found a large runed translucent door.
  3889 | D:4      | Found a large runed translucent door.
  4199 | D:4      | Found an iron altar of Okawaru.
  4378 | D:4      | Found a sparkling altar of Nemelex Xobeh.
  4378 | D:4      | Found an opulent altar of Gozag.
  4577 | D:4      | Reached skill level 1 in Armour
  4590 | D:4      | Reached XP level 6. HP: 44/44 MP: 2/11
  4633 | D:4      | Found a snail-covered altar of Cheibriados.
  4636 | D:4      | Found a stormy altar of Qazlal.
  4678 | D:5      | Entered Level 5 of the Dungeon
  4751 | D:5      | Reached skill level 1 in Polearms
  4751 | D:5      | Reached skill level 4 in Spellcasting
  4791 | D:5      | Reached * piety under Sif Muna
  5094 | D:5      | Reached XP level 7. HP: 50/51 MP: 10/13
  5612 | D:5      | Identified the +7 long sword of Bloodstone {vorpal, rF+
                  | Int-5 Dex+4}
  5637 | D:5      | Noticed Ijyb
  5658 | D:5      | Succumbed to a water moccasin's poison

Illustrated notes

Levels and vault maps discovered:
D:1:      wander_arrival_peaceful_grave, layout_basic, basic_ecumenical_altar,
          serial_corexii_hall, corexii_hall_statues_deadend,
          corexii_hall_statues_s, corexii_hall_statues_l, corexii_hall_statues_l
D:2:      layout_loops_ring, basic_altar, serial_shops, shop, uniq_robin
D:3:      layout_rooms, serial_curves, eino_curves_03, eino_curves_01
D:4:      layout_basic, okawaru_trees_2, grunt_temple_overflow_opulence,
          jmf_multi_god_temple2, temple_fountains
D:5:      kennysheep_kobold_camp, layout_basic, st_stairs_6, roderic_batcave,
          uniq_ijyb
Temple:   hellmonk_temple_forest_ring

Skill      XL: |  1  2  3  4  5  6 |
---------------+-------------------+-----
Translocations | 1 2 |  2.4
Stealth        | 2 |  2.4
Dodging        | 2 |  2.9
Fighting       | 1 2 |  2.8
Conjurations   | 2 |  2.7
Summonings     | 2 |  2.6
Armour         | 1 |  1.7
Polearms       | 1 |  1.3
Spellcasting   | 4 |  4.3
Invocations    | |  0.6
Evocations     | |  0.3

Action                   |  1- 3 |  4- 6 |  7- 9 || total
-------------------------+-------+-------+-------++-------
Melee: Dagger            |    89 |     7 |       ||    96
       Punch             |     1 |       |       ||     1
       Spear             |       |   149 |    50 ||   199
       Kick              |       |    44 |     5 ||    49
 Cast: Magic Dart        |    88 |    30 |    23 ||   141
       Searing Ray       |     5 |     7 |     1 ||    13
       Blink             |     3 |       |       ||     3
  Use: Scroll            |     3 |     2 |       ||     5
       Potion            |       |     2 |       ||     2
 Stab: Sleeping          |     2 |     8 |       ||    10
       Distracted        |       |     1 |       ||     1
Armor: Robe              |    21 |    17 |     7 ||    45
Dodge: Dodged            |    75 |    57 |    23 ||   155
